 Dungeon Crawl Stone Soup version 0.17-a0-2147-gfb20a63 (webtiles) character file.

154 Ijustatesigmund the Sneak (level 5, 0/31 HPs)
             Began as an Octopode Wizard on Oct 24, 2015.
             Slain by an orc priest
             ... wielding a +0 dagger
              (1 damage)
             ... on level 3 of the Dungeon.
             The game lasted 00:10:00 (3495 turns).

Ijustatesigmund the Sneak (Octopode Wizard)         Turns: 3495, Time: 00:10:00

Health: 0/31       AC:  2    Str:  6    XL:     5   Next: 36%
Magic:  3/9        EV: 12    Int: 21    God:
Gold:   131        SH:  0    Dex: 11    Spells: 4 memorised, 2 levels left

rFire  . . .     SeeInvis .     e - +0 rapier
rCold  . . .     Clarity  .     (no shield)
rNeg   . . .     SustAt   .     a - +1 hat
rPois  .         Gourm    .     i - amulet of resist corrosion
rElec  .         Spirit   .     (no ring)
rCorr  +         Warding  .     (no ring)
rMut   .         Stasis   .     (no ring)
MR     .....                    (no ring)
Stlth  ++++......               (no ring)
                                (no ring)
                                (no ring)
                                (no ring)

@: not resistant to hostile enchantments, stealthy
A: almost no armour, amphibious, 8 rings, constrict 8, camouflage 1, gelatinous
body 1
a: no special abilities


You were on level 3 of the Dungeon.
You were not hungry.

You visited 2 branches of the dungeon, and saw 5 of its levels.

You collected 131 gold pieces.

Inventory:

Hand Weapons
 e - a +0 rapier (weapon)
 f - a +0 dagger
Armour
 a - a +1 hat (worn)
Jewellery
 i - an amulet of resist corrosion (around mantle)
Scrolls
 h - 2 scrolls of remove curse
Potions
 d - a potion of ambrosia
 j - 2 potions of mutation
 k - a potion of haste {unknown}
 l - a potion of cancellation
 m - 2 potions of agility {unknown}
 o - a potion of magic {unknown}
Books
 b - a book of Minor Magic

   Spells                             Type                      Level
   a - Magic Dart                     Conjuration                  1
   b - Blink                          Translocation                2
   c - Call Imp                       Summoning                    2
   d - Repel Missiles                 Charms/Air                   2
   e - Slow                           Hexes                        2
   f - Conjure Flame                  Conjuration/Fire             3
   g - Mephitic Cloud                 Conjuration/Poison/Air       3
Comestibles
 c - 2 bread rations
 n - a royal jelly


   Skills:
 - Level 1.4 Short Blades
 - Level 2.0 Dodging
 + Level 5.0 Stealth
 - Level 3.0 Spellcasting
 + Level 3.1 Conjurations
   Level 1.0 Summonings
 - Level 1.0 Translocations
 + Level 1.0 Air Magic
 + Level 1.2 Poison Magic


You had 2 spell levels left.
You knew the following spells:

 Your Spells              Type           Power        Failure   Level  Hunger
a - Magic Dart            Conj           ###.         4%          1    None
b - Blink                 Tloc           N/A          14%         2    ##.....
c - Repel Missiles        Chrm/Air       #.....       17%         2    ##.....
d - Mephitic Cloud        Conj/Pois/Air  ##......     21%         3    ###....


Dungeon Overview and Level Annotations

Branches:
Dungeon (4/15)             Temple (1/1) D:4

Altars:
Ashenzari
Kikubaaqudgha
Okawaru
Qazlal
Sif Muna
Vehumet
Xom
Yredelemnul

Annotations:
D:3 Grinder


Innate Abilities, Weirdness & Mutations

You cannot wear most types of armour.
You are amphibious.
You can wear up to eight rings at the same time.
You can use your tentacles to constrict eight enemies at once.
Your skin changes colour to match your surroundings (Stealth).
Your rubbery body absorbs attacks (AC +1).


Message History

The orc priest calls upon Beogh to heal the orc wizard.
The orc wizard's wounds heal themselves!
The orc hits you.
The orc wizard points at you and mumbles some strange words.
The magic dart hits you!
You hit the orc priest but do no damage.
You grab the orc priest.
The orc priest is severely wounded.
You constrict the orc priest. The orc priest hits you with a dagger.
The orc hits you. The orc wizard casts a spell at you. The magic dart hits you!
* * * LOW HITPOINT WARNING * * *
Drink which item? (? for menu, Esc to quit)
It was a potion of cancellation.
Your magical effects are unravelling.
You feel magically purged.
You constrict the orc priest, but do no damage.
The orc priest hits you with a dagger.
You die...

......# ....5. ...... #
..... # . ...## .#.#
#...# .#.##. #...#
#...... ### #...#
####o...... ..# #...#
#.o@o.#....
..######.(.###.#........
..............<....#..#.
...................# .#
†..............†.o.#
..######...######.....
..# #...# ###.. ###
#...# #. ....... .#


You could see an orc priest, an orc wizard and 2 orcs.

Vanquished Creatures
  2 worker ants
  4 adders (D:2)
  An ooze (D:1)
  2 worms
  11 bats
  10 hobgoblins
  8 jackals
  4 kobolds
  A ball python (D:3)
  2 giant cockroaches
  5 giant newts
  6 goblins
  6 rats
62 creatures vanquished.

Vanquished Creatures (others)
  4 toadstools (D:1)
4 creatures vanquished.

Grand Total: 66 creatures vanquished

Notes
Turn   | Place    | Note
--------------------------------------------------------------
     0 | D:1      | Ijustatesigmund the Octopode Wizard began the quest for the Orb.
     0 | D:1      | Reached XP level 1. HP: 11/11 MP: 4/4
   347 | D:1      | Reached XP level 2. HP: 9/17 MP: 0/6
   578 | D:1      | Learned a level 2 spell: Blink
   581 | D:1      | Learned a level 2 spell: Repel Missiles
  1140 | D:1      | Reached XP level 3. HP: 21/21 MP: 3/7
  1145 | D:1      | Learned a level 3 spell: Mephitic Cloud
  1693 | D:2      | Reached skill level 4 in Stealth
  2255 | D:2      | Reached XP level 4. HP: 27/27 MP: 6/8
  2342 | D:2      | Reached skill level 1 in Short Blades
  3094 | D:3      | Noticed Grinder
  3191 | D:4      | Found a staircase to the Ecumenical Temple.
  3226 | D:4      | Reached XP level 5. HP: 16/31 MP: 7/9
  3234 | Temple   | Entered the Ecumenical Temple
  3372 | D:4      | Noticed a phantom
  3447 | D:3      | Reached skill level 5 in Stealth
  3447 | D:3      | Reached skill level 1 in Air Magic
  3447 | D:3      | Reached skill level 1 in Poison Magic
  3494 | D:3      | HP: 1/31 [orc wizard/magic dart (11)]
  3495 | D:3      | Slain by an orc priest

Vault maps used:
D:1:      ldierk_water_garden
D:3:      uniq_grinder, uniq_robin
D:4:      minmay_temple_entry_crystal_x, first_bread, grunt_gozag_statues,
          uniq_blork_the_orc
Temple:   circular_temple_pool_8

Action                   |  1- 3 |  4- 6 || total
-------------------------+-------+-------++-------
Melee: Unarmed           |    10 |       ||    10
       Dagger            |    17 |       ||    17
       Rapier            |       |    21 ||    21
 Cast: Magic Dart        |    93 |    51 ||   144
       Repel Missiles    |     1 |       ||     1
       Mephitic Cloud    |       |     1 ||     1
  Use: Scroll            |     9 |       ||     9
       Potion            |       |     1 ||     1
 Stab: Sleeping          |       |     3 ||     3
  Eat: Chunk             |     4 |     4 ||     8
